 Dungeon Crawl Stone Soup version 0.29-a0-350-g7790a0e70a (webtiles) character file.

Game seed: 14646673363195686188

49 spaghetti the Cutter (level 3, 33/35 HPs)
             Began as a Gnoll Berserker on Apr 23, 2022.
             Was a Believer of Trog.
             Quit the game on level 2 of the Dungeon.
             The game lasted 00:01:30 (976 turns).

spaghetti the Cutter (Gnoll Berserker)               Turns: 976, Time: 00:01:31

Health: 33/35      AC:  4    Str: 16    XL:     3   Next: 77%
Magic:  4/4        EV: 13    Int:  6    God:    Trog [**....]
Gold:   70         SH:  0    Dex: 13    Spells: 3/3 levels left

rFire   . . .      SeeInvis .   a - +0 short sword {short}
rCold   . . .      Faith    .   (no shield)
rNeg    . . .      Spirit   .   b - +0 animal skin
rPois   .          Reflect  .   (no helmet)
rElec   .          Harm     .   (no cloak)
rCorr   .          Rampage  .   e - +1 pair of gloves
Will    .....                   (no boots)
Stlth   ++........              (no amulet)
HPRegen 0.11/turn               (no ring)
MPRegen 0.09/turn               (no ring)

@: no status effects
A: fangs 1, strong nose, distributed training
a: Renounce Religion, Berserk, Trog's Hand


You were on level 2 of the Dungeon.
You worshipped Trog.
Trog was pleased with you.
You visited 1 branch of the dungeon, and saw 2 of its levels.

You collected 70 gold pieces.


Innate Abilities, Weirdness & Mutations

You have very sharp teeth.
Your uncanny sense of smell can sniff out nearby items.
Your experience applies equally to all skills.


   Skills:
 + Level 6.5 Fighting
 + Level 6.5 Short Blades
 + Level 0.9 Long Blades
 + Level 0.9 Axes
 + Level 0.9 Maces & Flails
 + Level 0.9 Polearms
 + Level 0.9 Staves
 + Level 0.9 Slings
 + Level 0.9 Bows
 + Level 0.9 Crossbows
 + Level 0.9 Throwing
 + Level 4.5 Armour
 + Level 4.5 Dodging
 + Level 0.9 Stealth
 + Level 0.9 Shields
 + Level 0.9 Unarmed Combat
 + Level 0.9 Spellcasting
 + Level 0.6 Conjurations
 + Level 0.6 Hexes
 + Level 0.6 Summonings
 + Level 0.6 Necromancy
 + Level 0.6 Translocations
 + Level 0.6 Transmutations
 + Level 0.6 Fire Magic
 + Level 0.6 Ice Magic
 + Level 0.6 Air Magic
 + Level 0.6 Earth Magic
 + Level 0.6 Poison Magic
 + Level 1.0 Invocations
 + Level 0.9 Evocations


You had 3 spell levels left.
You didn't know any spells.
Your spell library was empty.

Inventory:

Hand Weapons
 a - a +0 short sword (weapon) {short}
Missiles
 d - 29 stones (quivered) {throwing}
 j - 4 poisoned darts {throwing}
Armour
 b - a +0 animal skin (worn)
 e - a +1 pair of gloves (worn)
   (You found it on level 1 of the Dungeon)
Scrolls
 c - 2 scrolls of teleportation {unknown}
 k - a scroll of immolation {unknown}
Potions
 f - a potion of curing {unknown}
 g - a potion of heal wounds {unknown}
 h - 2 potions of flight {unknown}
 i - a potion of brilliance {unknown}

Dungeon Overview and Level Annotations

Branches:
Dungeon (2/15)

Altars:

#..# #.# ####..####†# ##
...........# ..
####..###### .# #....
..# .# #..# #.# .####
####..# ##.## ....###
......###...#####.......
####.#.†..#.....@....# #
##.###...####...### #
### ##.## #...# # #.#
#...# # #.# #...# . ..#
#...# # ... ..... ##..
......


There were no monsters in sight!


Message History

You hit the goblin but do no damage. The goblin closely misses you.
You barely miss the goblin. The goblin misses you.
You hit the goblin. You bite the goblin.
You kill the goblin!
Trog accepts your kill.
No target in view!
No target in view!
No target in view!
No target in view!
No target in view!
No target in view!
Things that are here:
a +0 club {mace}; a goblin corpse
There is a stone staircase leading down here.
You now have 67 gold pieces (gained 17).
A dart slug comes into view.
The dart slug launches a dart at you.
The slug dart hits you but does no damage.
A dart slug is nearby!
A dart slug is nearby!
You hit the dart slug. The dart slug launches a dart at you.
The slug dart hits you but does no damage.
You hit the dart slug but do no damage. You hit the dart slug.
The dart slug launches a dart at you.
The slug dart hits you but does no damage.
You hit the dart slug. You hit the dart slug but do no damage.
The dart slug launches a dart at you.
The slug dart hits you but does no damage.
You hit the dart slug.
You kill the dart slug!
Trog accepts your kill.
No target in view!
No target in view!
No target in view!
No target in view!
No target in view!
No target in view!
You see here a dart slug corpse.
A quokka comes into view.
A quokka is nearby!
A quokka is nearby!
The quokka barely misses you.
You hit the quokka. The quokka barely misses you.
You hit the quokka.
The quokka twitches its whiskers.
The quokka barely misses you.
You hit the quokka.
You kill the quokka!
Trog accepts your kill.
No target in view!
No target in view!
No target in view!
No target in view!
No target in view!
No target in view!
No target in view!
No target in view!
No target in view!
No target in view!
No target in view!
No target in view!
You see here a quokka corpse.
A bat comes into view.
A bat is nearby!
A bat is nearby!
A rat comes into view.
The bat hits you but does no damage. The bat misses you.
The bat hits you but does no damage.
You hit the bat.
You kill the bat!
Trog accepts your kill.
You hit the rat. The rat barely misses you.
You closely miss the rat. The rat bites you. 😕 HP[-3]
You take 3 damage, and now have 32/35 hp.
You are too injured to fight recklessly!
You are too injured to fight recklessly!
You are too injured to fight recklessly!
You are too injured to fight recklessly!
You are too injured to fight recklessly!
You are too injured to fight recklessly!
You are too injured to fight recklessly!
You are too injured to fight recklessly!
You are too injured to fight recklessly!
You are too injured to fight recklessly!
You are too injured to fight recklessly!
You are too injured to fight recklessly!
You are too injured to fight recklessly!
A rat is nearby!
You barely miss the rat. The rat bites you but does no damage.
You hit the rat.
You kill the rat!
Trog accepts your kill.
You now have 70 gold pieces (gained 3). 😕 HP[+1] Are you sure you want to abandon this character and quit the game? (Confirm with "yes".)

Skill      XL: |  1  2  3 |
---------------+----------+-----
Invocations    | 1 |  1.0
Fighting       | |  6.5
Short Blades   | |  6.5
Long Blades    | |  0.9
Axes           | |  0.9
Maces & Flails | |  0.9
Polearms       | |  0.9
Staves         | |  0.9
Slings         | |  0.9
Bows           | |  0.9
Crossbows      | |  0.9
Throwing       | |  0.9
Armour         | |  4.5
Dodging        | |  4.5
Stealth        | |  0.9
Shields        | |  0.9
Unarmed Combat | |  0.9
Spellcasting   | |  0.9
Conjurations   | |  0.6
Hexes          | |  0.6
Summonings     | |  0.6
Necromancy     | |  0.6
Translocations | |  0.6
Transmutations | |  0.6
Fire Magic     | |  0.6
Ice Magic      | |  0.6
Air Magic      | |  0.6
Earth Magic    | |  0.6
Poison Magic   | |  0.6
Evocations     | |  0.9

Action                   || total
-------------------------++-------
Melee: Short sword       ||   100
       Bite              ||    14
 Stab: Sleeping          ||     1
Armor: Animal skin       ||    30
Dodge: Dodged            ||    64

Levels and vault maps discovered:
D:1:      dpeg_arrival_boxorama, layout_basic
D:2:      layout_loops_ring, minmay_gold_behind_fungi, uniq_crazy_yiuf_cottage

Notes
Turn   | Place    | Note
-------+----------+-------------------------------------------
     0 | D:1      | spaghetti the Gnoll Berserker began the quest for the Orb.
     0 | D:1      | Reached XP level 1. HP: 23/23 MP: 1/1
     0 | D:1      | magus.rc [v1.9.6]
   198 | D:1      | Reached XP level 2. HP: 25/29 MP: 2/2
   711 | D:1      | Reached XP level 3. HP: 34/35 MP: 3/3
   735 | D:1      | Reached ** piety under Trog
   833 | D:2      | Reached skill level 1 in Invocations
   976 | D:2      | Quit the game

Vanquished Creatures
  An adder (D:2)
  A dart slug (D:2)
  4 bats
  5 endoplasms
  2 giant cockroaches (D:1)
  4 goblins
  2 hobgoblins
  2 jackals (D:1)
  2 kobolds (D:1)
  2 quokkas
  3 ball pythons
  2 frilled lizards (D:1)
  3 rats
33 creatures vanquished.

Vanquished Creatures (others)
  4 fungi (D:2)
4 creatures vanquished.

Grand Total: 37 creatures vanquished

Table legend:
 A = Non-vault XP
 B = Vault XP
 C = Vault XP percentage of total XP
 D = Non-vault monster count
 E = Vault monster count
 F = Vault count percentage of total count
                 A         B        C        D         E       F
            +---------+---------+-------+---------+---------+-------
      Total |      71 |       0 |   0.0 |      33 |       0 |   0.0
            +---------+---------+-------+---------+---------+-------
        D:1 |      40 |       0 |   0.0 |      23 |       0 |   0.0
        D:2 |      31 |       0 |   0.0 |      10 |       0 |   0.0
            +---------+---------+-------+---------+---------+-------

Illustrated notes

Table legend:
 A = Kills in this place as a percentage of kills in entire the game.
 B = Kills by you in this place as a percentage of kills by you in the entire game.
 C = Kills by friends in this place as a percentage of kills by friends in the entire game.
 D = Other kills in this place as a percentage of other kills in the entire game.
 E = Experience gained in this place as a percentage of experience gained in the entire game.
 F = Experience gained in this place divided by the number of levels of this place that you have seen.
                   A       B       C       D       E      F
               +-------+-------+-------+-------+-------+----------------------
         Total | 100.0 | 100.0 |   N/A |   N/A | 100.0 |  35.5
       Dungeon | 100.0 | 100.0 |   N/A |   N/A | 100.0 |  35.5
               +-------+-------+-------+-------+-------+----------------------

Table legend: (Time is in decaauts)
 A = Elapsed time spent in this place.
 B = Non-inter-level travel time spent in this place.
 C = Inter-level travel time spent in this place.
 D = Time resting spent in this place.
 E = Time spent auto-exploring this place.
 F = Levels seen in this place.
 G = Mean time per level.
                   A        B        C        D        E       F      G
               +--------+--------+--------+--------+--------+-----+--------+
         Total |    953 |    940 |     13 |     48 |    681 |   2 |  476.5 |
       Dungeon |    953 |    940 |     13 |     48 |    681 |   2 |  476.5 |
               +--------+--------+--------+--------+--------+-----+--------+

Top non-repeatable levels by time:
     D:1: 747 daAuts
     D:2: 205 daAuts
